 Seeded DCSS version 0.32-a0-473-gd044c6f0f0 (webtiles) character file.

Game seed: 7220356206648857820 (custom seed)

7 CInkIbrahim the Trooper (level 2, 24/24 HPs)
             Began as a Coglin Fighter on Feb 25, 2024.
             Was a Follower of Sif Muna.
             Quit the game on level 1 of the Dungeon.
             The game lasted 00:00:16 (338 turns).

CInkIbrahim the Trooper (Coglin Fighter)             Turns: 338, Time: 00:00:16

Health: 24/24      AC:  6    Str: 16    XL:     2   Next: 4%
Magic:  2/2        EV:  8    Int:  7    God:    Sif Muna [*.....]
Gold:   45         SH:  4    Dex: 13    Spells: 1/1 levels left

rFire   . . .        a - +0 trident {Salvador}
rCold   . . .        c - +0 buckler
rNeg    . . .        b - +0 scale mail
rPois   .            (no helmet)
rElec   .            (no cloak)
rCorr   .            (no gloves)
SInv    .            (no boots)
Will    .....        (no amulet) Stlth
                     (ring unavailable)
HPRegen 0.24/turn    (ring unavailable)
MPRegen 0.08/turn

%: no passive effects
@: no status effects
A: off-hand wielding, slow wielding, warmup strikes, no rings
a: Renounce Religion, Channel Magic


You were on level 1 of the Dungeon.
You worshipped Sif Muna.
Sif Muna was aware of your devotion.
You visited 1 branch of the dungeon, and saw 1 of its levels.

You collected 45 gold pieces.

Inventory:

Hand Weapons
 a - a +0 trident (weapon) {Salvador}
Armour
 b - a +0 scale mail (worn)
 c - a +0 buckler (worn)
Scrolls
 e - a scroll of vulnerability {unknown}
Potions
 d - a potion of might
 f - a potion of degeneration {unknown}


   Skills:
 - Level 3.0 Fighting
 + Level 2.4 Polearms
 - Level 2.6 Armour
 - Level 2.1 Shields


You had one spell level left.
You didn't know any spells.
Your spell library was empty.

Dungeon Overview and Level Annotations

Branches:
Dungeon (1/15)

Altars:
Sif Muna


Innate Abilities, Weirdness & Mutations

You can wield a second weapon in your off-hand.
It takes a long time for you to wield or remove held weapons.
Your first few attacks do less damage.
Your grasper-arms cannot wear rings.


Message History

Your unstable footing causes you to fumble your attack.
The quokka bites you but does no damage.
The quokka closely misses you.
A quokka is nearby!
You barely miss the quokka.
The quokka is severely wounded.
The quokka bites you but does no damage.
A quokka is nearby!
You puncture the quokka!
You kill the quokka!
A frilled lizard comes into view.
The frilled lizard hisses angrily.
A frilled lizard is nearby!
A dart slug comes into view.
The frilled lizard hisses.
There are monsters nearby!
You reach to attack!
You puncture the frilled lizard!
You kill the frilled lizard!
A dart slug is nearby!
A dart slug is nearby!
A dart slug is nearby!
You reach to attack!
You hit the dart slug.
The dart slug is moderately wounded.
A dart slug is nearby!
You puncture the dart slug!
You kill the dart slug!
You have reached level 2!
Search for what [? for help]? alt You enter the shallow water.
Moving in this stuff is going to be slow.
You enter the shallow water.
Moving in this stuff is going to be slow.
There is a faded altar of an unknown god here.
This altar belongs to (a) Trog, (b) the Shining One or (c) Sif Muna, but you can't tell which.
Press the corresponding letter to learn more about a god, or press enter to convert or escape to cancel.
Sif Muna accepts your prayer! Sif Muna welcomes you!
You can now call upon Sif Muna for magical energy.
Unknown command.
Press < or > to pray at altars.
Are you sure you want to abandon this character and quit the game? (Confirm with "yes".)

#................
#...†............
#................
#.....##.##......
#....#.~.~.#.....
#...#..~.~..#....
#..#~~~~.~~~~#.# # .#
#.#..~.~≈~.~..# # .. .
#.#...~≈@≈~...#....#.#.
#.#...~≈.≈~...#....#.#.##
#.#[..~.≈.~...#....#.....
#.#.†~.~.~.~..#....#.....
##.#~.~...~.~#.....>.....
##..~.....~.............
##.#.....#.............
##.#####..........#...
##.....#.........#.#.


There were no monsters in sight!

Vanquished Creatures
  A dart slug (D:1)
  An endoplasm (D:1)
  A quokka (D:1)
  A ball python (D:1)
  2 frilled lizards (D:1)
6 creatures vanquished.

Notes
Turn   | Place    | Note
-------+----------+-------------------------------------------
     0 | D:1      | CInkIbrahim the Coglin Fighter began the quest for the Orb.
     0 | D:1      | Reached XP level 1. HP: 18/18 MP: 1/1
   290 | D:1      | Found a faded altar of an unknown god.
   331 | D:1      | Reached XP level 2. HP: 24/24 MP: 2/2
   337 | D:1      | Prayed at the altar of an unknown god.
   337 | D:1      | Became a worshipper of Sif Muna the Loreminder
   337 | D:1      | Reached * piety under Sif Muna
   338 | D:1      | Quit the game

Illustrated notes

Levels and vault maps discovered:
D:1:      psy_arrival_whirlpool, layout_basic,
          shapermc_ecumenical_altar_starsandcircs, minmay_strange_pillars

Skill      XL: |  1 |
---------------+----+-----
Polearms       | 2 |  2.4
Fighting       | |  3.0
Armour         | |  2.6
Shields        | |  2.1

Action                     || total
---------------------------++-------
  Melee: Trident           ||    22
 Armour: Scale mail        ||    12
  Dodge: Dodged            ||     6
  Block: Buckler           ||     2

Table legend: (Time is in decaauts)
 A = Elapsed time spent in this place.
 B = Non-inter-level travel time spent in this place.
 C = Inter-level travel time spent in this place.
 D = Time resting spent in this place.
 E = Time spent auto-exploring this place.
 F = Levels seen in this place.
 G = Mean time per level.
                   A        B        C        D        E       F      G
               +--------+--------+--------+--------+--------+-----+--------+
         Total |    345 |    338 |      7 |      0 |    284 |   1 |  345.0 |
       Dungeon |    345 |    338 |      7 |      0 |    284 |   1 |  345.0 |
               +--------+--------+--------+--------+--------+-----+--------+

Top non-repeatable levels by time:
     D:1: 345 daAuts
